ADLKj, chaotic male elven Wizard ------- ########`#######......| ----------- |.....| .........| |....<| ..-----..| ##.......# .+..|..|..|(((|..| # |.....|# .|..|..|..|(((|...##### -------# |.--------.|...|..| # |....+...|.-|---..| # |....|...|.%I.....| ####%# |+--.-----..-----.| #--.------ |..|.....%%.+...|.| #|...>...| |..|+---.hj.|...|.| #|.......| |--|...|---.-----.| # #........| |..|...|..+.......| --------- |..|...|..|.......| -+---------.....{.. ..................| --------- ADLKj the Thaumaturge Experience level: 6 Strength: 10 Dexterity: 14 Constitution: 13 Intelligence: 19 Wisdom: 10 Charisma: 10 Health: 0(89) Energy: 70(70) Def: 12 Gold: 238 Moves: 1307 Dungeon seed: OuBFcAM04ctWk3z4 Game ID: ADLKj_1511749056 Your Inventory: Coins $ - 238 gold pieces Amulets x - a cursed amulet of change Weapons a - a blessed +1 quarterstaff (weapon in hands) Armor e - an uncursed +0 cloak of magic resistance n - an uncursed +0 cornuthaum (being worn) y - an uncursed +2 dwarvish cloak (being worn) Comestibles j - 2 uncursed lichen corpses p - an uncursed tripe ration Scrolls o - an uncursed scroll of teleportation v - 2 uncursed scrolls of blank paper Spellbooks t - an uncursed spellbook of magic missile Potions k - 2 uncursed potions of blindness Rings l - an uncursed ring of free action Wands b - an uncursed wand of striking (0:8) u - an uncursed wand of magic missile (0:3) Tools h - an uncursed blindfold i - an uncursed bugle m - 4 uncursed tallow candles (0:200) s - a blessed crystal ball (0:5) w - an uncursed expensive camera (0:48) Gems q - a cursed loadstone Spells and supernatural/magical abilities: Spells marked with '*' are forgotten. Spells marked with '!' are maintained. Spells marked with '#' are aliased with 'castalias'. Name Level Category Fail Memory a - force bolt 1 attack 0% 98% h - healing 1 healing 0% 98% k - knock 1 matter 0% 100% m - magic missile 2 attack 0% 98% H - speed monster 3 escape 45% 98% W - pray for help -- divine ? -- Z - mind blast -- ability ? -- Your skills at the end: Fighting Skills wands [Basic] Weapon Skills quarterstaff [Basic] Spellcasting Skills attack spells [Basic] enchantment spells [Basic] Final Attributes: You saw invisible. You were telepathic. You were clairvoyant. You had infravision. You could fly. You were permanently polymorphed into a master mind flayer. You could not change form. You last prayed 333 turns ago. You are dead. Vanquished creatures: a gnome king a lizard a rock piercer 7 gnome lords a gnomish wizard a red naga hatchling a guardian naga hatchling a paper golem 8 dwarves a homunculus 6 hill orcs a werejackal a hobbit 3 giant rats a yellow mold 22 gnomes 3 jackals 6 sewer rats 3 grid bugs 3 lichens 6 newts 78 creatures vanquished. Voluntary challenges: You used a wielded weapon 69 times, starting on turn 159. You read items or engraved 15 times, starting on turn 1. You never genocided any monsters. You never polymorphed an object. You never changed form. You used no wishes. You never split a pudding. You never wrote Elbereth's name. You never violated your personal moral code. Dungeon overview: The Dungeons of Doom: levels 1 to 4 Level 1 a fountain a long staircase Level 2 a vault Level 3 stairs to The Gnomish Mines Level 4 The Gnomish Mines: levels 4 to 7 Level 4 stairs to The Dungeons of Doom Level 5 Level 6 <- You were here some shops, a fountain Level 7 History has recorded: On T:1 you entered the Dungeons of Doom to retrieve the Amulet of Yendor! On T:407 you reached level 2 of The Dungeons of Doom. On T:548 you advanced to experience level 2. On T:595 you reached level 3 of The Dungeons of Doom. On T:713 you reached level 4 of The Dungeons of Doom. On T:750 you reached level 1 of The Gnomish Mines. On T:760 you advanced to experience level 3. On T:817 you advanced to experience level 4. On T:943 you reached level 2 of The Gnomish Mines. On T:1001 you advanced to experience level 5. On T:1133 you reached level 3 of The Gnomish Mines. On T:1140 you advanced to experience level 6. On T:1146 you reached level 4 of The Gnomish Mines. Score breakdown: Gold: 238 ( 8090 points) Experience: 6 levels (12456 points) Exploration: 7 levels ( 15.22%) (10954 points) Discoveries: 3 items ( 1.05%) ( 3067 points) Valuables value: (no points given unless you survive) Artifact value: 0 ( 0 points) Variety of kills: 21 monsters ( 5.53%) ( 7052 points) Turncount: 1307 turns ( 0 points) Survival: died (score multiplied by 80%) Total score: 33295 Latest messages: Your tentacles suck the spotted jelly. The spotted jelly doesn't seem harmed. Your tentacles suck the spotted jelly. The spotted jelly doesn't seem harmed. Your tentacles suck the spotted jelly. The spotted jelly doesn't seem harmed. You hit the spotted jelly. You are splashed by the spotted jelly's acid! Your tentacles suck the spotted jelly. The spotted jelly doesn't seem harmed. You are splashed by the spotted jelly's acid! Your tentacles suck the spotted jelly. The spotted jelly doesn't seem harmed. You are splashed by the spotted jelly's acid! Your tentacles suck the spotted jelly. The spotted jelly doesn't seem harmed. You are splashed by the spotted jelly's acid! Your tentacles suck the spotted jelly. The spotted jelly doesn't seem harmed. Your tentacles suck the spotted jelly. The spotted jelly doesn't seem harmed. You are splashed by the spotted jelly's acid! Final status: Goodbye ADLKj the Wizard, killed by a spotted jelly, while stuck in monster form... You died in The Gnomish Mines on dungeon level 6 with 33295 points, and 238 pieces of gold, after 1307 moves. You were level 6 with a maximum of 49 hit points when you died.